 Dungeon Crawl Stone Soup version 0.29.1-13-g9f3cf754e1 (webtiles) character file.

Game seed: 5473548243095581310

2489 KittyFluff the Basher (level 9, 0/84 HPs)
             Began as a Gargoyle Berserker on Jan 22, 2023.
             Was an Elder of Trog.
             Slain by an orc
             ... wielding a +0 mace
              (3 damage)
             ... on level 8 of the Dungeon.
             The game lasted 00:31:32 (5517 turns).

KittyFluff the Basher (Gargoyle Berserker)          Turns: 5517, Time: 00:31:33

Health: 0/84       AC: 20    Str: 22    XL:     9   Next: 52%
Magic:  9/9        EV: 13    Int:  7    God:    Trog [****..]
Gold:   267        SH:  0    Dex: 13    Spells: 8/8 levels left

rFire   . . .      SeeInvis .   a - +0 mace
rCold   . . .      Faith    .   (no shield)
rNeg    + . .      Spirit   .   n - +0 leather armour
rPois   ∞          Reflect  .   D - +0 helmet
rElec   +          Harm     .   E - +0 cloak
rCorr   .          Rampage  .   H - +2 pair of gloves
Will    +....                   (no boots)
Stlth   ..........              f - amulet of regeneration
HPRegen 1.04/turn               q - ring of willpower
MPRegen 0.11/turn               O - +4 ring of protection

@: berserking, very quick
A: sickness immunity, AC +6, negative energy resistance 1, electricity
resistance, torment resistance 1, petrification resistance
a: Renounce Religion, Berserk, Trog's Hand, Brothers in Arms


You were on level 8 of the Dungeon.
You worshipped Trog.
Trog was greatly pleased with you.
You visited 1 branch of the dungeon, and saw 8 of its levels.

You collected 429 gold pieces.
You spent 162 gold pieces at shops.

Inventory:

Hand Weapons
 a - a +0 mace (weapon)
 s - the +9 long sword of the Shrinking Tiger {flame, +Blink Will+}
   (You found it on level 2 of the Dungeon)

   It burns those it strikes, dealing additional fire damage.
   Big, fiery blades are also staple armaments of hydra-hunters.
   +Blink:    It lets you blink.
   Will:      It increases your willpower.
 u - a +0 shortbow
 G - a +0 arbalest
 L - a +0 flail
 M - the +7 sling of the Desert {vorpal, rF- rC+ Str+2 Dex+4}
   (You found it on level 5 of the Dungeon)

   Any ammunition fired from it inflicts extra damage upon your enemies.
   Str:       It affects your strength (+2).
   Dex:       It affects your dexterity (+4).
   rF:        It makes you vulnerable to fire.
   rC:        It protects you from cold.
Missiles
 i - 79 stones (quivered)
 v - 13 poisoned darts
 I - 6 boomerangs
 P - 2 datura-tipped darts
Armour
 c - a +4 scale mail
 g - a +0 ring mail
 n - a +0 leather armour (worn)
 D - a +0 helmet (worn)
 E - a +0 cloak (worn)
 H - a +2 pair of gloves (worn)
 N - the +3 scale mail "Bapairug" {Regen+ rCorr}
   (You found it on level 5 of the Dungeon)

   Regen:     It increases your rate of health regeneration.
   rCorr:     It protects you from acid and corrosion.
Jewellery
 f - an amulet of regeneration (around neck)
 j - an amulet of guardian spirit
 m - a ring of ice
 q - a ring of willpower (left hand)
 y - an amulet of faith
 O - a +4 ring of protection (right hand)
Wands
 J - a wand of paralysis (12)
Scrolls
 b - 3 scrolls of enchant armour {unknown}
 d - 2 scrolls of enchant weapon {unknown}
 e - 2 scrolls of noise {unknown}
 p - a scroll of poison {unknown}
 w - a scroll of fear {unknown}
 z - a scroll of magic mapping {unknown}
 B - 5 scrolls of teleportation {unknown}
 F - a scroll of immolation {unknown}
Potions
 h - a potion of degeneration
 k - 2 potions of curing
 l - a potion of resistance
 o - 2 potions of mutation
 r - 2 potions of might
 t - 2 potions of cancellation
 x - 3 potions of lignification
 A - 2 potions of haste
 C - 2 potions of attraction
 K - a potion of flight {unknown}


   Skills:
 + Level 6.5 Fighting
 + Level 8.2 Maces & Flails
 + Level 3.8 Ranged Weapons
 * Level 6.1 Armour
 + Level 4.2 Dodging
 + Level 2.5 Stealth


You had 8 spell levels left.
You didn't know any spells.
Your spell library was empty.

Dungeon Overview and Level Annotations

Branches:
Dungeon (8/15)             Temple (0/1) D:5
   Lair: D:8-11

Altars:
Nemelex Xobeh
Trog
Xom

Shops:
D:4 (


Innate Abilities, Weirdness & Mutations

You are immune to sickness and miasma.
Your stone body is resilient. (AC +6)
You are immune to poison.
You resist negative energy. (rN+)
You are resistant to electric shocks. (rElec)
You are resistant to unholy torment.
You are immune to petrification.


Message History

The warg barely misses you. The orc hits you but does no damage.
The warg closely misses you.
You closely miss the warg.
The warg is moderately wounded.
The warg bites you. x2; The orc hits you with a +0 mace.
A red film seems to cover your vision as you go berserk!
You feel yourself moving faster!
You feel mighty! The warg bites you! The warg misses you.
The orc hits you with a +0 mace.
* * * LOW HITPOINT WARNING * * *
The warg bites you.
* * * LOW HITPOINT WARNING * * *
You sock the warg!
The warg is severely wounded.
The warg bites you but does no damage.
You sock the warg!
The warg is almost dead.
The warg closely misses you. The warg barely misses you.
You closely miss the warg. The warg bites you!
* * * LOW HITPOINT WARNING * * *
The warg misses you. The orc misses you.
You sock the warg!
You kill the warg!
Trog accepts your kill. The warg barely misses you.
The orc warrior hits you with a +0 war axe!
* * * LOW HITPOINT WARNING * * *
The orc barely misses you.
You barely miss the warg. The warg misses you.
You closely miss the warg. The orc hits you but does no damage.
The orc warrior misses you.
You hit the warg.
The warg is moderately wounded.
The warg bites you.
* * * LOW HITPOINT WARNING * * *
You hit the warg.
The warg is moderately wounded.
The orc warrior hits you but does no damage.
The orc wizard gestures wildly while chanting.
The orc wizard flickers and vanishes!
The orc hits you with a +0 mace.
You die...

.........
####.......#
###.##....... ##.#..#
..... . #.....###.o.
##.. ##..#...#.o#
....#
#....##.##o##...#
##......##......#
####...o@#...#...#.
##......o†h{..#.....
##...........)....##:
##...♣♣.....#####..#
#..PPP♣..##.# ..#
#..♣.....##..# .#
##.........[## ..
##.....###.# ..
##.#....##.#


You could see a warg, an orc warrior and an orc.

Vanquished Creatures
  A wyvern (D:6)
  A warg (D:8)
  A steam dragon (D:7)
  3 black bears (D:5)
  2 sky beasts
  4 ogres
  3 centaurs
  A phantom (D:5)
  A kobold brigand (D:7)
  A bullfrog (D:7)
  3 wights (D:7)
  3 hounds
  2 orc priests
  4 jellies
  Crazy Yiuf (D:4)
  4 iguanas
  3 orc wizards
  6 adders
  4 shadow imps
  4 white imps
  4 ufetubi
  2 worms
  2 dart slugs
  23 orcs
  6 bats
  4 endoplasms
  5 goblins
  2 hobgoblins (D:2)
  9 jackals
  3 quokkas
  4 ball pythons
  13 kobolds
  5 rats
134 creatures vanquished.

Vanquished Creatures (others)
  3 demonic plants (D:6)
3 creatures vanquished.

Grand Total: 137 creatures vanquished

Notes
Turn   | Place    | Note
-------+----------+-------------------------------------------
     0 | D:1      | KittyFluff the Gargoyle Berserker began the quest for the
                  | Orb.
     0 | D:1      | Reached XP level 1. HP: 14/14 MP: 1/1
   173 | D:1      | Reached XP level 2. HP: 13/19 MP: 2/2
   916 | D:1      | Reached XP level 3. HP: 23/23 MP: 1/3
  1260 | D:2      | Reached ** piety under Trog
  1503 | D:2      | Identified the +9 long sword of the Shrinking Tiger {flame,
                  | +Blink Will+}
  1658 | D:3      | Found the +3 woodcutter's axe {vorpal}
  1705 | D:3      | Reached XP level 4. HP: 28/28 MP: 4/4
  1726 | D:3      | Reached skill level 4 in Maces & Flails
  2137 | D:3      | Reached skill level 1 in Stealth
  2314 | D:4      | Reached XP level 5. HP: 27/33 MP: 5/5
  2322 | D:4      | Noticed an ogre
  2334 | D:4      | Killed an ogre
  2335 | D:4      | Reached XP level 6. HP: 22/38 MP: 6/6
  2391 | D:4      | Found a shimmering altar of Xom.
  2484 | D:4      | Found Kovoc's Antique Weapon Emporium.
  2548 | D:4      | Reached skill level 5 in Maces & Flails
  2641 | D:4      | Found a runed translucent door.
  2642 | D:4      | Noticed Crazy Yiuf
  2648 | D:4      | Killed Crazy Yiuf
  2829 | D:4      | Bought a runed mace for 162 gold pieces
  2835 | D:5      | Entered Level 5 of the Dungeon
  2940 | D:5      | Found a staircase to the Ecumenical Temple.
  2985 | D:5      | Noticed a sky beast
  3010 | D:5      | Killed a sky beast
  3011 | D:5      | Reached XP level 7. HP: 39/44 MP: 7/7
  3297 | D:5      | Identified the +7 sling of the Desert {vorpal, rF- rC+
                  | Str+2 Dex+4}
  3303 | D:5      | Identified the +3 scale mail "Bapairug" {Regen+ rCorr}
  3586 | D:5      | Reached skill level 5 in Fighting
  3586 | D:5      | Reached skill level 6 in Maces & Flails
  3586 | D:5      | Reached skill level 1 in Ranged Weapons
  3586 | D:5      | Reached XP level 8. HP: 46/49 MP: 8/8
  3865 | D:6      | Found a bloodstained altar of Trog.
  3876 | D:6      | Reached *** piety under Trog
  3877 | D:6      | Reached skill level 7 in Maces & Flails
  4212 | D:6      | Found a sparkling altar of Nemelex Xobeh.
  4246 | D:6      | Reached skill level 5 in Armour
  4551 | D:6      | Noticed a wyvern
  4562 | D:6      | Killed a wyvern
  4792 | D:7      | Reached XP level 9. HP: 53/54 MP: 9/9
  4914 | D:7      | Reached skill level 8 in Maces & Flails
  4992 | D:7      | Reached **** piety under Trog
  5408 | D:8      | Noticed a two-headed ogre
  5513 | D:8      | HP: 3/84 [orc warrior/+0 war axe (12)]
  5517 | D:8      | Slain by an orc

Illustrated notes

Levels and vault maps discovered:
D:1:      minmay_arrival_four_houses, layout_basic,
          shapermc_ecumenical_altar_acropolis, minmay_tetromino_s4
D:2:      layout_basic
D:3:      layout_rooms
D:4:      layout_cave_pools, serial_shops, shop, kennysheep_diamond,
          uniq_crazy_yiuf_cottage
D:5:      layout_gridville, minmay_temple_entry_tees
D:6:      layout_gridville, trog_ov_bears_minmay, kennysheep_mini_moat,
          serial_demonic, serial_demonic_b, serial_demonic_g, serial_demonic_f,
          serial_demonic_e, serial_demonic_b, serial_demonic_e
D:7:      layout_loops_ring
D:8:      layout_cave_pools, nicolae_overflow_crystal_walls,
          erik_lair_orcish_takeover, serial_park, serial_park_tiny_pond,
          serial_park_square3 [serial_park_minivault_5x5_8], serial_park_tiny_2,
          serial_park_square3 [serial_park_minivault_5x5_7],
          minmay_manual_mandibuliform

Skill      XL: |  1  2  3  4  5  6  7  8  9 |
---------------+----------------------------+-----
Maces & Flails | 4 5 6 7 8 |  8.2
Armour         | 3 4 5 6 |  6.1
Dodging        | 2 3 4 |  4.2
Stealth        | 1 2 |  2.5
Fighting       | 4 5 6 |  6.5
Ranged Weapons | 1 3 |  3.8

Action                   |  1- 3 |  4- 6 |  7- 9 || total
-------------------------+-------+-------+-------++-------
Melee: Mace              |   111 |   155 |   257 ||   523
       Punch             |       |       |     3 ||     3
 Fire: Sling             |       |       |    70 ||    70
Invok: Berserk           |       |     3 |     5 ||     8
  Use: Scroll            |     5 |     3 |     1 ||     9
 Stab: Sleeping          |     1 |     1 |       ||     2
Armor: Animal skin       |    28 |       |       ||    28
       Leather armour    |    15 |    77 |   179 ||   271
Dodge: Dodged            |    83 |   107 |   221 ||   411
